 Dungeon Crawl Stone Soup version 0.17.0-24-gcfadda4 (console) character file.

72 gw the Skirmisher (level 4, 0/26 HPs)
             Began as a Gargoyle Abyssal Knight on Nov 16, 2015.
             Was a Believer of Lugonu.
             Slain by Sigmund
             ... wielding a +0 scythe
              (5 damage)
             ... on level 2 of the Dungeon.
             The game lasted 00:01:10 (1825 turns).

gw the Skirmisher (Gargoyle Abyssal Knight)         Turns: 1825, Time: 00:01:10

Health: 0/26       AC: 14    Str: 15    XL:     4   Next: 26%
Magic:  5/5        EV:  4    Int: 13    God:    Lugonu [**....]
Gold:   50         SH:  0    Dex: 10    Spells: 0 memorised, 3 levels left

rFire  . . .     SeeInvis .     a - +1 mace
rCold  . . .     Clarity  .     d - +0 plate armour (curse)
rNeg   + . .     SustAt   .     (no shield)
rPois  ∞         Gourm    .     (no helmet)
rElec  +         Spirit   .     (no cloak)
rCorr  +         Warding  .     (no gloves)
rMut   .         Stasis   .     (no boots)
MR     .....                    f - amulet of resist corrosion
Stlth  ..........               (no ring)
                                (no ring)

@: confused, not resistant to hostile enchantments, extremely unstealthy
A: frail 1, negative energy resistance 1, electricity resistance, spit poison 1,
wild magic 1, unbreathing, petrification resistance, rot immunity, AC +3
a: Spit Poison, Depart the Abyss, Bend Space, Renounce Religion


You were on level 2 of the Dungeon.
You worshipped Lugonu.
Lugonu was pleased with you.
You were not hungry.

You visited 1 branch of the dungeon, and saw 2 of its levels.
You visited the Abyss 1 time.

You collected 50 gold pieces.

Inventory:

Hand Weapons
 a - a +1 mace (weapon)
Missiles
 h - 42 stones (quivered)
Armour
 d - a cursed +0 plate armour (worn)
Jewellery
 f - an amulet of resist corrosion (around neck)
Scrolls
 b - 3 scrolls of enchant weapon {unknown}
 i - 2 scrolls of identify
 j - a scroll of teleportation {unknown}
Potions
 e - a potion of heal wounds {unknown}
Comestibles
 c - 3 bread rations


   Skills:
 + Level 3.7 Fighting
 * Level 2.8 Maces & Flails
 + Level 1.0 Throwing
 + Level 2.9 Armour
 - Level 0.7 Dodging
 + Level 2.6 Invocations


You had 3 spell levels left.
You didn't know any spells.

Dungeon Overview and Level Annotations

Branches:
Dungeon (2/15)

Altars:

Annotations:
D:2 Sigmund


Innate Abilities, Weirdness & Mutations

You are resistant to torment.
Your stone body is resilient (AC +3).
You are immune to poison.
You resist negative energy.
You are resistant to electric shocks.
You can survive without breathing.
You are immune to petrification.
You are immune to rotting.
You are frail (-10% HP).
You can spit weak poison.
Your spells are a little harder to cast, but a little more powerful.


Message History

Something tries to affect you, but you resist.
ATTACK MOVE TO (0,-1)
You closely miss something. Something hits you but does no damage.
ATTACK MOVE TO (0,-1)
You barely miss something. Something hits you but does no damage.
ATTACK MOVE TO (0,-1)
You barely miss something.
You hear a zap.
Your will is overpowered!
You are confused.
ATTACK MOVE TO (0,-1)
You hear a zap.
Your will is overpowered!
You are more confused.
ATTACK MOVE TO (0,-1)
Something hits you.
You see here a jackal corpse.
ATTACK MOVE TO (0,-1)
You closely miss something.
ATTACK MOVE TO (0,-1)
Something hits you.
You die...

.##..... ... ...
#.##.# .
#(...######..
###.....(......
......(........
## #....{#
#...####.#(#%#
#.#....#...#9#
##.#.##.#.###.#
..............#
#.#.#..#.###...#
#.###..#.#
####.#
#...%..#.# ..
#.)...##.# #
#.######.#
#####..#.. ..#


There were no monsters in sight!

Table legend:
 A = Turns spent in this place as a percentage of turns spent in the entire game.
 B = Non-inter-level travel turns spent in this place as a percentage of non-inter-level travel turns spent in the entire game.
 C = Inter-level travel turns spent in this place as a percentage of turns spent in this place.
 D = Turns resting spent in this place as a percentage of non-inter-level travel turns spent in this place.
 E = Turns spent auto-exploring this place as a percentage of non-inter-level travel turns spent in this place.
 F = Non-inter-level travel turns spent in this place divided by the number of levels of this place that you've seen.
                   A       B       C       D       E      F
               +-------+-------+-------+-------+-------+----------------------
         Total | 100.0 | 100.0 |   0.2 |   1.2 |   2.5 | 841.7
       Dungeon |  98.4 |  98.4 |   0.2 |   1.2 |   2.5 | 1242.0
         Abyss |   1.6 |   1.6 |   0.0 |   0.0 |   2.4 |  41.0
               +-------+-------+-------+-------+-------+----------------------

Table legend:
 A = Kills in this place as a percentage of kills in entire the game.
 B = Kills by you in this place as a percentage of kills by you in the entire game.
 C = Kills by friends in this place as a percentage of kills by friends in the entire game.
 D = Other kills in this place as a percentage of other kills in the entire game.
 E = Experience gained in this place as a percentage of experience gained in the entire game.
 F = Experience gained in this place divided by the number of levels of this place that you have seen.
                   A       B       C       D       E      F
               +-------+-------+-------+-------+-------+----------------------
         Total | 100.0 | 100.0 |  -nan |  -nan | 100.0 |  34.7
       Dungeon | 100.0 | 100.0 |  -nan |  -nan | 100.0 |  52.0
               +-------+-------+-------+-------+-------+----------------------

Vanquished Creatures
  Ijyb (D:2)
  An adder (D:2)
  A worm (D:2)
  5 bats
  4 goblins
  5 hobgoblins
  3 jackals (D:2)
  A quokka (D:2)
  2 giant cockroaches (D:1)
  2 giant newts (D:1)
  6 kobolds
  A rat (D:1)
32 creatures vanquished.

Notes
Turn   | Place    | Note
--------------------------------------------------------------
     0 | Abyss:1  | gw the Gargoyle Abyssal Knight began the quest for the Orb.
     0 | Abyss:1  | Reached XP level 1. HP: 14/14 MP: 2/2
     8 | D:1      | Escaped the Abyss
   289 | D:1      | Reached XP level 2. HP: 16/19 MP: 3/3
   565 | D:1      | Reached ** piety under Lugonu
  1157 | D:1      | Gained mutation: You are frail (-10% HP). [potion of mutation]
  1157 | D:1      | Gained mutation: Your spells are a little harder to cast, but a little more powerful. [potion of mutation]
  1157 | D:1      | Gained mutation: You can spit weak poison. [potion of mutation]
  1183 | D:2      | Noticed Ijyb
  1203 | D:2      | Killed Ijyb
  1203 | D:2      | Reached XP level 3. HP: 20/20 MP: 4/4
  1428 | D:2      | Reached XP level 4. HP: 24/26 MP: 5/5
  1810 | D:2      | Noticed Sigmund
  1814 | D:2      | Reached skill level 1 in Throwing
  1825 | D:2      | Slain by Sigmund

Action                   |  1- 3 |  4- 6 || total
-------------------------+-------+-------++-------
Melee: Mace              |    94 |    50 ||   144
Throw: Stone             |    37 |    23 ||    60
 Abil: Spit Poison       |     2 |     1 ||     3
  Use: Scroll            |     4 |       ||     4
       Potion            |     4 |       ||     4
  Eat: Chunk             |     2 |     1 ||     3

Vault maps used:
D:1:      scummos_arrival_gate
D:2:      marbit_many_paths, first_bread, grunt_decor_cap, uniq_sigmund,
          uniq_iyjb, uniq_crazy_yiuf_cottage
